 Dungeon Crawl Stone Soup version 0.21.1-1-g345015fe64 (webtiles) character file.

32 Delanovic the Sneak (level 3, -2/17 HPs)
             Began as a Spriggan Enchanter on Apr 9, 2018.
             Slain by a worm (6 damage)
             ... on level 2 of the Dungeon.
             The game lasted 00:03:50 (1588 turns).

Delanovic the Sneak (Spriggan Enchanter)            Turns: 1588, Time: 00:03:51

Health: -2/17      AC:  2    Str:  4    XL:     3   Next: 8%
Magic:  4/8        EV: 18    Int: 16    God:
Gold:   95         SH:  0    Dex: 17    Spells: 2/8 levels left

rFire    . . .     SeeInvis +   a - +1 dagger
rCold    . . .     Gourm    .   (shield restricted)
rNeg     . . .     Faith    .   b - +0 robe
rPois    .         Spirit   .   (helmet restricted)
rElec    .         Reflect  .   (no cloak)
rCorr    .         Harm     .   (gloves unavailable)
MR       .....                  (boots unavailable)
Stlth    +++.......             (no amulet)
HPRegen  0.05/turn              (no ring)
MPRegen  0.11/turn              (no ring)

@: very quick
A: very small, unfitting armour, see invisible, herbivore, speed 3, slow
metabolism 2
a: no special abilities


You were on level 2 of the Dungeon.
You were not hungry.

You visited 1 branch of the dungeon, and saw 2 of its levels.

You collected 95 gold pieces.

Inventory:

Hand Weapons
 a - a +1 dagger (weapon)
Armour
 b - a +0 robe (worn)
Scrolls
 e - 2 scrolls of magic mapping {unknown}
 g - a scroll of enchant weapon {unknown}
Potions
 f - a potion of mutation {unknown}
Books
 c - a book of Maledictions

   Spells                             Type                      Level
   a - Corona                         Hexes                        1
   b - Ensorcelled Hibernation        Hexes/Ice                    2
   c - Confuse                        Hexes                        3
   d - Tukima's Dance                 Hexes                        3
   e - Dazzling Spray                 Conjuration/Hexes            3
Comestibles
 d - 3 rations


   Skills:
 + Level 0.8 Fighting
 + Level 1.4 Short Blades
 + Level 3.1 Dodging
 + Level 5.0 Stealth
 + Level 3.0 Spellcasting
 + Level 4.0 Hexes


You had 2 spell levels left.
You knew the following spells:

 Your Spells              Type           Power        Failure   Level  Hunger
a - Corona                Hex            ###....      3%          1    #......
b - Ensorcelled Hibernat  Hex/Ice        #.....       12%         2    ##.....
c - Confuse               Hex            ###.....     11%         3    ###....


Dungeon Overview and Level Annotations

Branches:
Dungeon (2/15)

Altars:


Innate Abilities, Weirdness & Mutations

You are very small and have problems with some larger weapons.
You are too small for most types of armour.
You have supernaturally acute eyesight. (SInv)
You are a herbivore.
You cover ground extremely quickly.
You need consume almost no food.


Message History

Magic restored.
You start resting.
You barely miss the worm. The worm closely misses you.
You hit the worm.
The worm is lightly wounded.
Casting: Corona
Confirm with . or Enter, or press ? or * to list all spells.
Aiming: Ensorcelled Hibernation
Press: ? - help, Shift-Dir - straight line, f/p - worm
Aim: a worm (lightly wounded, chance to defeat MR: 49%)
The worm resists with some effort.
The worm bites you!
Ouch! That really hurt!
* * * LOW HITPOINT WARNING * * *
Casting: Ensorcelled Hibernation
Confirm with . or Enter, or press ? or * to list all spells.
Aiming: Ensorcelled Hibernation
Press: ? - help, Shift-Dir - straight line, f/p - worm
Aim: a worm (lightly wounded, chance to defeat MR: 49%)
The worm resists with some effort.
The worm bites you.
You die...

.#.# ♣...♣#########....
.#.# ♣♣..♣♣ #..[# .#.#
♣♣♣P.♣♣ #...# .#.#
♣♣....♣ #.#.# .#.#
♣P.P.♣♣ #.#.# .#.#
#♣.♣♣.# .#.# .#.# #.)#.#
.#.###########.#.#
...............#@#
##.........#####w.......
#########.###########.#
#...........
############


You could see a worm.

Vanquished Creatures
  2 oozes (D:1)
  A leopard gecko (D:1)
  2 ball pythons (D:1)
  6 bats
  A goblin (D:1)
  4 hobgoblins (D:1)
  2 kobolds (D:1)
  3 rats
21 creatures vanquished.

Notes
Turn   | Place    | Note
-------+----------+-------------------------------------------
     0 | D:1      | Delanovic the Spriggan Enchanter began the quest for the Orb.
     0 | D:1      | Reached XP level 1. HP: 9/9 MP: 5/5
   448 | D:1      | Reached XP level 2. HP: 4/13 MP: 5/7
  1051 | D:1      | Reached skill level 5 in Stealth
  1112 | D:1      | Reached XP level 3. HP: 15/17 MP: 8/8
  1221 | D:2      | Learned a level 2 spell: Ensorcelled Hibernation
  1225 | D:2      | Learned a level 3 spell: Confuse
  1588 | D:2      | Slain by a worm

Skill      XL: |  1  2 |
---------------+-------+-----
Spellcasting   | 3 |  3.0
Hexes          | 4 |  4.0
Stealth        | 5 |  5.0
Fighting       | |  0.8
Short Blades   | |  1.4
Dodging        | |  3.1

Action                   || total
-------------------------++-------
Melee: Dagger            ||    92
 Cast: Corona            ||     4
       Ensorcelled Hiber ||     3
       Confuse           ||     1
 Stab: Sleeping          ||     9
Armor: Robe              ||     7
Dodge: Dodged            ||    66
